 Dungeon Crawl Stone Soup version 0.31-a0-1154-gadca813884 (webtiles) character file.

Game seed: 10834408344442855627

2420 Dirtsage the Mimic (level 9, -7/55 HPs)
             Began as an Octopode Shapeshifter on Dec 7, 2023.
             Was an Initiate of the Shining One.
             Killed by divine providence
             ... invoked by Jeremiah
              (8 damage)
             ... on level 7 of the Dungeon.
             The game lasted 00:14:27 (4680 turns).

Dirtsage the Mimic (Octopode Shapeshifter)          Turns: 4680, Time: 00:14:28

Health: -7/55      AC:  1    Str: 13    XL:     9   Next: 48%
Magic:  9/9        EV: 20    Int: 12    God:    the Shining One [......]
Gold:   286        SH:  0    Dex: 16    Spells: 8/8 levels left

rFire   . .          .
                       - Unarmed
rCold   . . .        (no shield)
rNeg    . . .        (helmet restricted)
rPois   +            (no amulet)
rElec   .            f - +5 ring of evasion
rCorr   .            P - ring of poison resistance
SInv    .            (no ring)
Will    .....        (no ring)
Stlth   +            (no ring)
HPRegen 0.29/turn    (no ring)
MPRegen 0.11/turn    (no ring)
                     (no ring)

%: no passive effects
@: maw-form, glowing
A: devouring maw, reduced hp, almost no armour, amphibious, 8 rings, camouflage
1, gelatinous body 1, (nimble swimmer 1), tentacles
a: Begin Untransformation, Renounce Religion


You were on level 7 of the Dungeon.
You worshipped the Shining One.
The Shining One was noncommittal.
You were a creature with a mouth for a stomach.
You visited 2 branches of the dungeon, and saw 8 of its levels.

You collected 286 gold pieces.

Inventory:

Hand Weapons
 a - a +0 sling
Jewellery
 f - a +5 ring of evasion (left tentacle)
 j - a ring of ice
 o - an amulet of reflection
 t - an amulet of regeneration
 P - a ring of poison resistance (right tentacle)
Talismans
 b - a beast talisman
 c - a flux talisman
 m - a maw talisman (active)
Wands
 n - a wand of paralysis (15)
 r - a wand of flame (8)
Scrolls
 g - a scroll of fear
 h - a scroll of revelation
 i - a scroll of identify
 p - a scroll of fog
 u - a scroll of enchant armour {unknown}
Potions
 d - a potion of ambrosia {unknown}
 e - 2 potions of degeneration {unknown}
 k - a potion of berserk rage {unknown}
 l - 3 potions of haste {unknown}
 q - a potion of curing
 s - a potion of resistance {unknown}
 v - a potion of enlightenment {unknown}
 w - a potion of attraction {unknown}
 x - a potion of mutation {unknown}
 y - a potion of brilliance {unknown}


   Skills:
 + Level 4.2 Fighting
 + Level 4.7 Dodging
 * Level 5.4 Unarmed Combat
 + Level 0.2 Invocations
 * Level 9.5 Shapeshifting


You had 8 spell levels left.
You didn't know any spells.
Your spell library contained the following spells:

 Spells                   Type           Power      Damage    Failure   Level
 Apportation              Tloc           0%         N/A       32%         1
 Magic Dart               Conj           0%         1d3       32%         1
 Sandblast                Erth           0%         2d4       32%         1
 Call Imp                 Summ           0%         N/A       45%         2
 Jinxbite                 Hex            0%         N/A       45%         2
 Passwall                 Tmut/Erth      0%         N/A       45%         2
 Mephitic Cloud           Conj/Pois/Air  0%         N/A       69%         3
 Stone Arrow              Conj/Erth      0%         3d7       69%         3
 Brom's Barrelling Bould  Conj/Erth      0%         2d3       97%         4
 Alistair's Intoxication  Tmut/Pois      0%         N/A       100%        5


Dungeon Overview and Level Annotations

Branches:
Dungeon (7/15)             Temple (1/1) D:6

Altars:
Ashenzari
Cheibriados
Dithmenos
Elyvilon
Fedhas
Hepliaklqana
Kikubaaqudgha
Makhleb
Nemelex Xobeh
Okawaru
Qazlal
Ru
Sif Muna
Vehumet
Wu Jian
Xom
Yredelemnul
Zin
The Shining One

Shops:
D:1 *   D:3 (

Annotations:
D:5 1 runed translucent door, Crazy Yiuf
D:7 Jeremiah, Maggie


Innate Abilities, Weirdness & Mutations

You are a creature with a mouth for a stomach.
Your midsection houses a second, enormous mouth.
Your maximum health is decreased, since you lack skill for your form.
You cannot wear most types of armour.
You are amphibious.
You can wear up to eight rings at the same time.
Your skin changes colour to match your surroundings (Stealth+).
Your rubbery body absorbs attacks. (AC +1, EV +1)
((You are camouflaged when in or above water. (Stealth+)))
You have tentacles for arms and can constrict up to eight enemies at once.


Message History

Jeremiah cries, "Fearful master, protect me!"
Something smites you!
You finish taking off your amulet of reflection.
You take 31 damage, and have 24/55 hp.
MASSIVE DAMAGE!!
The sky beast flickers out of sight!
Deactivating autopickup; reactivate with Ctrl-A.
A sky beast appears from thin air!
Reactivating autopickup.
There is a stone staircase leading down here.
The butterfly disappears in a burst of colours!
The butterfly disappears in a burst of colours!
The sky beast flickers out of sight!
Deactivating autopickup; reactivate with Ctrl-A.
You completely miss something. Something hits you. Something shocks you.
You take 8 damage, and have 21/55 hp.
You tentacle-slap something. Your squeeze misses something.
Your bite misses something.
Jeremiah hops!
Something hits you. Something shocks you.
* * * LOW HITPOINT WARNING * * *
You take 7 damage, and have 14/55 hp.
You tentacle-slap something. You squeeze something. You bite something!
Something hits you.
* * * LOW HITPOINT WARNING * * *
Something shocks you.
* * * LOW HITPOINT WARNING * * *
You take 5 damage, and have 9/55 hp.
You tentacle-slap something. Your bite misses something. Something hits you.
* * * LOW HITPOINT WARNING * * *
Something shocks you.
* * * LOW HITPOINT WARNING * * *
You take 7 damage, and have 2/55 hp.
You feel better. Something hits you.
* * * LOW HITPOINT WARNING * * *
Something shocks you.
* * * LOW HITPOINT WARNING * * *
You take 1 damage, and have 1/55 hp.
Jeremiah lets out a twisted cry.
Something smites you!
You die...
Jeremiah wails, "I didn't mean to kill anyone!
I'm not a murderer!"

### ..# #.# ##
##.# .. #.W# Y#
#.## .# #{# .# #b#
####.#.## #.#
#..<....######b###
#.#####......bF..#
##)# .######b#.#
)))# #.#.#


You could see Jeremiah.

Vanquished Creatures
  Pikel (D:5)
  Sigmund (D:5)
  4 yaks (D:5)
  Eustachio (D:5)
  A black bear (D:4)
  2 lemures (D:5)
  A phantom (D:5)
  Blork the orc (D:5)
  2 scorpions
  3 electric eels (D:3)
  A howler monkey (D:6)
  A gnoll bouda (D:6)
  2 hounds
  A jelly (D:6)
  2 sleepcaps (D:6)
  Jessica (D:2)
  4 iguanas
  Ijyb (D:5)
  2 orc wizards (D:5)
  3 adders (D:2)
  7 gnolls
  A worm (D:3)
  5 dart slugs
  12 orcs
  3 bats
  7 endoplasms
  5 giant cockroaches
  13 goblins
  8 hobgoblins
  6 jackals
  5 quokkas
  4 ball pythons
  6 frilled lizards
  8 kobolds
  7 rats
132 creatures vanquished.

Vanquished Creatures (others)
  An orc wizard (D:7)
  An orc (D:7)
2 creatures vanquished.

Grand Total: 134 creatures vanquished

Notes
Turn   | Place    | Note
-------+----------+-------------------------------------------
     0 | D:1      | Dirtsage the Octopode Shapeshifter began the quest for the
                  | Orb.
     0 | D:1      | Reached XP level 1. HP: 13/13 MP: 1/1
    16 | D:1      | Found Marphywo's Assorted Antiques.
   105 | D:1      | Reached XP level 2. HP: 18/18 MP: 2/2
   434 | D:1      | Reached XP level 3. HP: 21/23 MP: 3/3
   559 | D:1      | Found a faded altar of an unknown god.
  1064 | D:2      | Reached XP level 4. HP: 29/29 MP: 4/4
  1145 | D:2      | Identified the +3 scale mail of the Baleful God {rF+ rN+
                  | Int-5}
  1337 | D:2      | Noticed Jessica
  1345 | D:2      | Killed Jessica
  1520 | D:2      | Reached skill level 4 in Shapeshifting
  1562 | D:2      | Reached XP level 5. HP: 34/34 MP: 5/5
  1608 | D:3      | Found Waoppov's Antique Weapon Boutique.
  1831 | D:3      | Found a transporter.
  1835 | D:3      | Found a transporter.
  2336 | D:3      | Reached XP level 6. HP: 41/41 MP: 6/6
  2601 | D:4      | Identified the +2 ring mail "Xeink" {rC++ Str-5}
  2859 | D:4      | Noticed a black bear
  2869 | D:4      | Killed a black bear
  2870 | D:4      | Reached skill level 5 in Shapeshifting
  2870 | D:4      | Reached XP level 7. HP: 37/46 MP: 7/7
  3219 | D:5      | Entered Level 5 of the Dungeon
  3225 | D:5      | Noticed Ijyb
  3243 | D:5      | Paralysed by Ijyb for 5 turns
  3254 | D:5      | Killed Ijyb
  3372 | D:5      | Noticed Sigmund
  3385 | D:5      | Killed Sigmund
  3466 | D:5      | Reached XP level 8. HP: 45/54 MP: 8/8
  3499 | D:5      | Noticed Eustachio
  3510 | D:5      | Killed Eustachio
  3511 | D:5      | Reached skill level 5 in Unarmed Combat
  3511 | D:5      | Reached skill level 6 in Shapeshifting
  3535 | D:5      | Noticed a yak
  3667 | D:5      | Noticed Blork the orc
  3676 | D:5      | Killed Blork the orc
  3771 | D:5      | Noticed a yak
  3787 | D:5      | Killed a yak
  3868 | D:5      | Noticed Pikel
  3882 | D:5      | Killed Pikel
  3883 | D:5      | Reached skill level 8 in Shapeshifting
  3883 | D:5      | Reached XP level 9. HP: 35/58 MP: 9/9
  4019 | D:5      | Reached skill level 9 in Shapeshifting
  4134 | D:5      | Found a runed translucent door.
  4135 | D:5      | Noticed Crazy Yiuf
  4308 | D:6      | Found a staircase to the Ecumenical Temple.
  4325 | Temple   | Entered the Ecumenical Temple
  4343 | Temple   | Became a worshipper of the Shining One
  4491 | D:7      | Noticed Maggie
  4632 | D:7      | Noticed Jeremiah
  4678 | D:7      | HP: 2/55 [something (6)]
  4680 | D:7      | Killed from afar by Jeremiah

Illustrated notes

Levels and vault maps discovered:
D:1:      scummos_arrival_checkerplants, layout_basic, serial_shops, shop,
          hellmonk_ecumenical_altar_leap_of_faith, hangedman_decor_opposing,
          hangedman_abyss_or_decor_stabs
D:2:      layout_loops_ring, uniq_jessica
D:3:      gammafunk_steamed_eel, layout_loops_cross, serial_shops,
          nicolae_shop_tiny_glass
D:4:      layout_loops_cross
D:5:      layout_cave_pools, uniq_ijyb, uniq_crazy_yiuf_cottage, uniq_pikel,
          uniq_sigmund, uniq_blork_the_orc, uniq_eustachio
D:6:      layout_basic, mainiacjoe_overflow_big_doors, temple_fountains
D:7:      layout_loops_ring, uniq_maggie, uniq_jeremiah, uniq_duvessa,
          uniq_joseph
Temple:   hellmonk_temple_of_storms

Skill      XL: |  1  2  3  4  5  6  7  8  9 |
---------------+----------------------------+-----
Fighting       | 2 3 4 |  4.2
Shapeshifting  | 4 5 8 9 |  9.5
Dodging        | 3 4 |  4.7
Unarmed Combat | 4 5 |  5.4
Invocations    | |  0.2

Action                     |  1- 3 |  4- 6 |  7- 9 || total
---------------------------+-------+-------+-------++-------
  Melee: Unarmed           |    56 |    75 |   158 ||   289
         Constrict         |    15 |    17 |    28 ||    60
         Tentacles         |     8 |    13 |    40 ||    61
         Punch             |     3 |     1 |    10 ||    14
         Maw               |       |       |    22 ||    22
   Fire: Sling             |       |    56 |     2 ||    58
  Evoke: Wand              |       |     5 |     8 ||    13
    Use: Potion            |       |       |     3 ||     3
         Scroll            |       |       |     5 ||     5
   Stab: Sleeping          |     7 |     4 |     3 ||    14
         Paralysed         |       |       |    33 ||    33
 Armour: Skin              |    19 |    15 |    71 ||   105
  Dodge: Dodged            |    22 |    43 |    51 ||   116
  Block: Other             |       |    15 |    24 ||    39
         Reflection        |       |     1 |       ||     1
   Form: Maw               |       |       |     1 ||     1

Table legend: (Time is in decaauts)
 A = Elapsed time spent in this place.
 B = Non-inter-level travel time spent in this place.
 C = Inter-level travel time spent in this place.
 D = Time resting spent in this place.
 E = Time spent auto-exploring this place.
 F = Levels seen in this place.
 G = Mean time per level.
                   A        B        C        D        E       F      G
               +--------+--------+--------+--------+--------+-----+--------+
         Total |   4668 |   4399 |    269 |    533 |   2770 |   8 |  583.5 |
       Dungeon |   4631 |   4379 |    252 |    533 |   2770 |   7 |  661.6 |
        Temple |     36 |     19 |     17 |      0 |      0 |   1 |   36.0 |
               +--------+--------+--------+--------+--------+-----+--------+

Top non-repeatable levels by time:
     D:5: 991 daAuts
     D:1: 899 daAuts
     D:4: 838 daAuts
     D:3: 801 daAuts
     D:2: 681 daAuts
     D:6: 220 daAuts
     D:7: 197 daAuts
  Temple: 36 daAuts
